 Dungeon Crawl Stone Soup version 0.30.0-29-ga12c61a403 (webtiles) character file.

Game seed: 17816162083811784901

135792 Peloso the Peltast (level 16, -1/149 HPs)
             Began as a Minotaur Fighter on June 7, 2023.
             Was a High Priest of Okawaru.
             Blown up by an orb spider (31 damage)
             ... with a wavering orb of destruction
             ... on level 1 of the Spider Nest.
             The game lasted 01:43:34 (30871 turns).

Peloso the Peltast (Minotaur Fighter)              Turns: 30871, Time: 01:43:34

Health: -1/149     AC: 24    Str: 27    XL:     16   Next: 65%
Magic:  26/26      EV: 13    Int: 12    God:    Okawaru [*****.]
Gold:   840        SH: 16    Dex: 16    Spells: 15/15 levels left

rFire   + . .        h - +10 falchion of Potus {flame, Fragile MP+9 Int+4 SInv}
rCold   . . .        d - +1 kite shield {reflect}
rNeg    + + .        X - +0 storm dragon scales
rPois   .            n - +2 hood of the Assassin {Detect Stab+ Stlth++}
rElec   +            Z - -1 cloak of the Armoured One {rF+ rCorr Int+3}
rCorr   +            T - +1 pair of gloves
SInv    +            C - +0 pair of boots of the Arcadian God {*Slow +Blink rElec Dex+4}
Will    ++++.        t - amulet "Hetoc" {Regen+ Slay+2 Stlth+}
Stlth   +++          l - +4 ring of slaying
HPRegen 1.24/turn    e - ring of Bimezaw {Wiz *Corrode rN++ Will+++ Slay+2}
MPRegen 0.20/turn

%: corrode self (3%), slow self (1%), reflection, wizardry (x1)
@: slowed, very slow
A: horns 2, retaliatory headbutt
a: Renounce Religion, Evoke Blink, Heroism, Finesse, Duel


You were on level 1 of the Spider Nest.
You worshipped Okawaru.
Okawaru was extremely pleased with you.
You visited 5 branches of the dungeon, and saw 24 of its levels.
You visited the Abyss 1 time.
You also visited: Sewer, Bailey, Gauntlet, Ice Cave and Volcano.

You collected 3675 gold pieces.
You spent 2835 gold pieces at shops.

Inventory:

Hand Weapons
 a - a +0 double sword of flaming
 b - the +9 sword of Zonguldrok {reap}
   (You found it on level 13 of the Dungeon)
 c - a +2 scimitar of flaming
 h - the +10 falchion of Potus (weapon) {flame, Fragile MP+9 Int+4 SInv}
   (You found it on level 12 of the Dungeon)

   Int:       It affects your intelligence (+4).
   MP:        It affects your magic capacity (+9).
   SInv:      It lets you see invisible.
   Fragile:   It will be destroyed if unequipped.
Armour
 d - a +1 kite shield of reflection (worn)
 j - a +2 chain mail of willpower
 n - the +2 hood of the Assassin (worn) {Detect Stab+ Stlth++}
   (You acquired it in a bailey)

   Detect:    It allows the wearer to sense nearby creatures.
   Stab+:     It allows the wearer to make particularly effective stabbing
   attacks against helpless or unaware enemies with any weapon.
   Stlth:     It makes you much more stealthy.
 C - the +0 pair of boots of the Arcadian God (worn) {*Slow +Blink rElec Dex+4}
   (Okawaru gifted it to you in a volcano)

   Dex:       It affects your dexterity (+4).
   rElec:     It insulates you from electricity.
   +Blink:    It lets you blink.
   *Slow:     It may slow you when you take damage.
 T - a +1 pair of gloves (worn)
 X - +0 storm dragon scales (worn)
 Z - the -1 cloak of the Armoured One (worn) {rF+ rCorr Int+3}
   (You found it in a Gauntlet)

   Int:       It affects your intelligence (+3).
   rF:        It protects you from fire.
   rCorr:     It protects you from acid and corrosion.
Jewellery
 e - the ring of Bimezaw (right hand) {Wiz *Corrode rN++ Will+++ Slay+2}
   (You bought it in a shop on level 6 of the Dungeon)

   [ring of wizardry]

   It improves your spell success rate.
   Slay:      It affects your accuracy & damage with ranged weapons and melee
   (+2).
   rN:        It greatly protects you from negative energy.
   *Corrode:  It may corrode you when you take damage.
   Will:      It greatly increases your willpower.
 l - a +4 ring of slaying (left hand)
 r - a +6 ring of intelligence
 t - the amulet "Hetoc" (around neck) {Regen+ Slay+2 Stlth+}
   (You acquired it in an ice cave)

   [amulet of regeneration]

   Slay:      It affects your accuracy & damage with ranged weapons and melee
   (+2).
   Regen:     It increases your rate of health regeneration.
   Stlth:     It makes you more stealthy.
 x - a ring of see invisible
 y - a ring of willpower
 z - a ring of protection from cold
 F - a ring of flight
 G - a ring of poison resistance
Scrolls
 f - a scroll of noise
 g - 6 scrolls of identify
 i - 3 scrolls of poison
 k - 4 scrolls of fear
 o - a scroll of teleportation
 u - 8 scrolls of immolation
 L - 3 scrolls of blinking
 V - a scroll of acquirement
Potions
 m - 6 potions of curing
 p - 7 potions of flight
 q - a potion of invisibility
 v - 2 potions of mutation
 A - 4 potions of heal wounds
 B - 5 potions of haste
 I - 2 potions of might
 K - 2 potions of resistance
 Q - 2 potions of berserk rage


   Skills:
 + Level 15.3 Fighting
 + Level 17.7 Long Blades
 + Level 1.0 Polearms
 + Level 16.2 Armour
 + Level 9.3 Dodging
 + Level 4.9 Stealth
 + Level 19.9 Shields
 + Level 0.9 Unarmed Combat
 + Level 3.5 Invocations
 + Level 1.2 Evocations


You had 15 spell levels left.
You didn't know any spells.
Your spell library contained the following spells:

 Spells                   Type           Power      Damage    Failure   Level
 Beastly Appendage        Tmut           0%         N/A       45%         1
 Magic Dart               Conj           0%         1d3       45%         1
 Necrotise                Necr           0%         1d4       45%         1
 Wereblood                Tmut           0%         N/A       61%         2
 Frozen Ramparts          Ice            0%         1d1       82%         3
 Mephitic Cloud           Conj/Pois/Air  0%         N/A       82%         3
 Ozocubu's Armour         Ice            0%         N/A       82%         3
 Portal Projectile        Hex/Tloc       0%         N/A       82%         3
 Spider Form              Tmut/Pois      0%         N/A       82%         3
 Stone Arrow              Conj/Erth      0%         3d7       82%         3
 Vampiric Draining        Necr           0%         2d6       82%         3
 Ice Form                 Ice/Tmut       0%         N/A       99%         4
 Leda's Liquefaction      Hex/Erth       0%         N/A       99%         4
 Manifold Assault         Tloc           0%         N/A       99%         4
 Petrify                  Tmut/Erth      0%         N/A       99%         4
 Agony                    Necr           0%         N/A       100%        5
 Conjure Ball Lightning   Conj/Air       0%         3x3d6     100%        6
 Dispersal                Tloc           0%         N/A       100%        6
 Statue Form              Tmut/Erth      0%         N/A       100%        6
 Ozocubu's Refrigeration  Ice            0%         4d7       100%        7
 Discord                  Hex            0%         N/A       100%        8
 Disjunction              Tloc           0%         N/A       100%        8
 Lehudib's Crystal Spear  Conj/Erth      0%         10d2      100%        8
 Chain Lightning          Conj/Air       0%         N/A       100%        9
 Fire Storm               Conj/Fire      0%         5d1       100%        9
 Shatter                  Erth           0%         3d5*      100%        9
 Summon Small Mammal      Summ           Unusable   N/A       N/A         1
 Call Imp                 Summ           Unusable   N/A       N/A         2
 Call Canine Familiar     Summ           Unusable   N/A       N/A         3
 Summon Guardian Golem    Hex/Summ       Unusable   N/A       N/A         3
 Animate Armour           Summ/Erth      Unusable   N/A       N/A         4
 Summon Ice Beast         Ice/Summ       Unusable   N/A       N/A         4

Dungeon Overview and Level Annotations

Branches:
Dungeon (15/15) Temple (1/1) D:6 Lair (5/5) D:10 Shoals (0/4) Lair:3 Spider (1/4) Lair:3 Slime (0/5) Lair:4 Orc (2/2) D:12 Elf (0/3) Orc:2 Vaults (0/5) D:13 D:14 Depths (0/4) D:15 Sewer (visited) Bailey (visited) IceCv (visited) Volcano (visited) Gauntlet (visited)

Altars:
Ashenzari
Cheibriados
Dithmenos
Elyvilon
Fedhas
Gozag
Hepliaklqana
Kikubaaqudgha
Makhleb
Nemelex Xobeh
Okawaru
Qazlal
Ru
Sif Muna
Trog
Uskayaw
Vehumet
Wu Jian
Xom
Yredelemnul
Zin
The Shining One
Jiyva

Shops:
D:5 [   D:6 *=*=!=   D:9 *   Orc:1 :*(*   Orc:2 =??!

Annotations:
Lair:2 Casa
Spider:1 2 transporters


Innate Abilities, Weirdness & Mutations

You have a pair of horns on your head.
You reflexively headbutt those who attack you in melee.


Message History

Unknown command.
You slash the redback! You burn the redback. Your headbutt misses the redback.
The redback is severely wounded.
You block the culicivora's attack.
The jumping spider leaps!
You block the redback's attack. The culicivora bites you!
* * * LOW HITPOINT WARNING * * *
The culicivora draws strength from your injuries!
Unknown command.
You slash the redback! You burn the redback.
You kill the redback!
Okawaru accepts your kill.
The culicivora bites you but does no damage.
The jumping spider leaps!
Unknown command.
You feel much better.
The culicivora bites you but does no damage.
The culicivora bites you!
* * * LOW HITPOINT WARNING * * *
The culicivora draws strength from your injuries!
You block the culicivora's attack.
Unknown command.
You slash the culicivora! You burn the culicivora.
Your headbutt misses the culicivora.
The culicivora is almost dead.
You block the culicivora's attack.
The orb spider begins to weave its threads into a brightly glowing ball.
Unknown command.
You closely miss the culicivora.
The culicivora is almost dead.
You block the culicivora's attack. x2
Unknown command.
You slice the culicivora!! You burn the culicivora.
You kill the culicivora!
Okawaru accepts your kill.
The jumping spider leaps!
Unknown command.
The orb spider weaves a glowing orb of energy.
An orb of destruction comes into view.
The wavering orb of destruction hits you!!
You die...

#########
##...........#######
#.#....#......#s☼..#
#.....§..#....^#@†##
......#.....##...#..#
...>.....#^# #.##.(.#
#.#.§..#...#.... ..#.#
.......#.#..#.#.....#.#
.#s....††......#...#...#
..#...#○.#.^#.$.....^..#
.......#°#..... /.#...##
.....#..○#...#.# .... .


You could see an orb spider.

Vanquished Creatures
  A bone dragon (D:13)
  Rupert (Orc:2)
  Jorgrun (D:13)
  Roxanne (D:14)
  3 orc warlords
  A stone giant (D:15)
  A broodmother (Spider:1)
  The ghost of u553311 the Fighter, a journeyman DsMo of Nemelex Xobeh (Orc:1)
  A minotaur (Gauntlet)
  A blizzard demon (Gauntlet)
  Snorg (D:10)
  A merfolk javelineer (Orc:1)
  6 hydras
  5 ogre magi
  19 two-headed ogres
  11 centaur warriors
  4 boulder beetles
  Urug (D:14)
  A naga warrior (Orc:1)
  4 tengu warriors
  Sonja (Orc:1)
  An orc high priest (Orc:1)
  A skyshark (shapeshifter) (D:14)
  A sixfirhy (Gauntlet)
  A skyshark (Lair:4)
  4 skeletal warriors (D:14)
  A shadow demon (Abyss:1)
  2 bog bodies (IceCv)
  Pikel (D:8)
  A deep elf zephyrmancer (D:9)
  4 deep elf pyromancers
  2 wizards
  A harpy (Lair:3)
  4 orc knights
  2 orc sorcerers
  3 manticores
  A salamander (Volcano)
  33 ugly things
  6 cyclopes
  6 elephants
  6 centaur zombies (D:13)
  4 black mambas
  A demonic crawler (Lair:2)
  An ice statue (IceCv)
  4 molten gargoyles (Volcano)
  A torpor snail (Lair:5)
  7 centaur skeletons (D:13)
  6 gargoyles
  Maggie (D:10)
  4 rime drakes
  9 cane toads
  A freezing wraith (IceCv)
  13 komodo dragons
  2 anaconda simulacra (IceCv)
  An efreet (Volcano)
  2 ice devils (D:12)
  2 tengu conjurers (D:14)
  5 polar bears (Lair:5)
  2 harpy skeletons (D:13)
  6 trolls
  2 tarantellas (Spider:1)
  4 hornets (Lair:5)
  2 dream sheep (Lair:5)
  2 jumping spiders (Spider:1)
  A meliai zombie (D:13)
  19 blink frogs
  A jumping spider (shapeshifter) (D:9)
  9 slime creatures
  2 vampires
  20 spriggans
  4 culicivoras (Spider:1)
  3 shadows
  A wraith (D:7)
  5 wyverns
  16 humans (D:13)
  A dire elephant simulacrum (IceCv)
  Eustachio (D:6)
  19 yaks
  Grum (D:8)
  4 basilisks
  3 death yak simulacra (IceCv)
  3 steam dragons
  5 vampire mosquitoes
  A chaos spawn (Gauntlet)
  7 redbacks (Spider:1)
  2 neqoxecs
  3 wargs
  2 harpy simulacra
  Edmund (D:5)
  2 hydra simulacra (Lair:3)
  3 acid dragons
  11 water moccasins
  2 hell hounds (Lair:4)
  A sky beast (D:8)
  A swamp drake (D:9)
  3 black bears
  32 orc warriors
  29 ogres
  51 wolves
  4 boggarts (Lair:5)
  19 centaurs
  3 phantoms
  8 kobold brigands
  9 bullfrogs
  12 scorpions
  2 gnoll sergeants
  10 two-headed ogre simulacra (IceCv)
  5 wights (D:9)
  A blink frog simulacrum (Lair:3)
  14 killer bees
  An elephant simulacrum (Lair:3)
  3 howler monkeys (D:9)
  2 vampire bats (D:9)
  An electric eel (D:10)
  A crimson imp (D:9)
  2 lava snakes (D:8)
  4 iron imps
  10 orc priests
  A water moccasin simulacrum (Lair:3)
  A gnoll bouda (D:8)
  A hound (D:5)
  A sleepcap (D:7)
  Ijyb (D:4)
  A jelly (D:6)
  3 boggart zombies (D:13)
  7 iguanas
  24 orc wizards
  A polar bear simulacrum (IceCv)
  7 spriggan simulacra (IceCv)
  4 hell rats (Lair:4)
  3 troll simulacra (IceCv)
  5 wolf simulacra
  A boggart skeleton (D:13)
  5 adders
  25 gnolls
  6 naga simulacra (IceCv)
  2 river rats (Sewer)
  4 shadow imps
  4 white imps
  11 ufetubi
  5 worms
  A dart slug (D:1)
  83 orcs
  6 ball pythons
  5 bat skeletons (D:9)
  2 bat zombies (D:9)
  5 endoplasms
  9 giant cockroaches
  9 hobgoblins
  3 jackals
  20 kobolds
  5 quokkas
  8 bats
  3 frilled lizards
  14 goblins
  11 rats
916 creatures vanquished.

Vanquished Creatures (others)
  A centaur (D:6)
  An orc wizard (D:9)
  5 orcs
7 creatures vanquished.

Grand Total: 923 creatures vanquished

Notes
Turn   | Place    | Note
-------+----------+-------------------------------------------
     0 | D:1      | Peloso the Minotaur Fighter began the quest for the Orb.
     0 | D:1      | Reached XP level 1. HP: 19/19 MP: 0/0
   345 | D:1      | Reached XP level 2. HP: 27/27 MP: 1/1
   453 | D:1      | Reached skill level 4 in Shields
  1043 | D:2      | Reached XP level 3. HP: 20/34 MP: 2/2
  1265 | D:2      | Reached XP level 4. HP: 23/41 MP: 3/3
  1780 | D:2      | Reached skill level 5 in Armour
  1780 | D:2      | Reached XP level 5. HP: 44/47 MP: 4/4
  2139 | D:3      | Found an opulent altar of Gozag.
  2994 | D:4      | Noticed an ogre
  3149 | D:4      | Noticed a phantom
  3168 | D:4      | Killed a phantom
  3169 | D:4      | Reached XP level 6. HP: 53/53 MP: 5/5
  3186 | D:5      | Entered Level 5 of the Dungeon
  3186 | D:5      | Found Xovoj's Armour Emporium.
  3217 | D:5      | Reached skill level 5 in Long Blades
  3217 | D:5      | Reached skill level 1 in Dodging
  3257 | D:5      | Reached skill level 5 in Fighting
  3362 | D:5      | Reached XP level 7. HP: 57/61 MP: 6/6
  3409 | D:5      | Found a glowing drain.
  3424 | D:5      | Reached skill level 5 in Shields
  3431 | Sewer    | Entered a sewer
  3584 | Sewer    | Found a glowing silver altar of Zin.
  4157 | D:5      | Found a broken altar of Ashenzari.
  4318 | D:4      | Found a shimmering altar of Xom.
  4318 | D:4      | Found a shimmering altar of Xom.
  4319 | D:4      | Found a shimmering altar of Xom.
  4321 | D:4      | Found a shimmering altar of Xom.
  4321 | D:4      | Found a shimmering altar of Xom.
  4533 | D:4      | Noticed Ijyb
  4548 | D:4      | Killed Ijyb
  4582 | D:4      | Found a snail-covered altar of Cheibriados.
  4620 | D:4      | Found a white marble altar of Elyvilon.
  4851 | D:4      | Reached XP level 8. HP: 46/69 MP: 7/7
  5075 | D:6      | Found Xuothuw's Jewellery Emporium.
  5090 | D:6      | Reached skill level 6 in Shields
  5308 | D:6      | Noticed Eustachio
  5334 | D:6      | Killed Eustachio
  5437 | D:6      | Found Boh Min's Assorted Antiques.
  5438 | D:6      | Found Riozxil's Jewellery Shoppe.
  5442 | D:6      | Found Udapiubbu's Jewellery Shoppe.
  5443 | D:6      | Found Hiahurue's Assorted Antiques.
  5454 | D:6      | Bought a scroll labelled INIXOZ LEAF for 28 gold pieces
  5461 | D:6      | Bought a bubbling inky potion for 24 gold pieces
  5461 | D:6      | Bought a scroll labelled ESEETOTTUI for 27 gold pieces
  5538 | D:6      | Found Gaiczago's Distillery.
  5538 | D:6      | Noticed Edmund
  5663 | Abyss:1  | Cast into level 1 of the Abyss (Edmund)
  5716 | Abyss:1  | Noticed a thrashing horror
  5837 | Abyss:1  | Found a corrupted altar of Lugonu.
  5845 | Abyss:1  | Found a corrupted altar of Lugonu.
  5845 | Abyss:1  | Found a corrupted altar of Lugonu.
  5850 | Abyss:1  | Noticed a shadow demon
  5858 | Abyss:1  | Noticed a sixfirhy
  5859 | Abyss:1  | Noticed a raiju
  5863 | Abyss:1  | Noticed a raiju
  5865 | Abyss:1  | Killed a shadow demon
  5865 | Abyss:1  | Noticed a raiju
  5866 | Abyss:1  | Reached XP level 9. HP: 40/78 MP: 8/8
  5866 | Abyss:1  | Identified a scroll of acquirement
  5868 | D:5      | Escaped the Abyss
  5874 | D:5      | Killed Edmund
  5875 | D:5      | Reached skill level 7 in Shields
  6216 | D:6      | Found a staircase to the Ecumenical Temple.
  6338 | D:6      | Found a sparkling altar of Nemelex Xobeh.
  6436 | Temple   | Entered the Ecumenical Temple
  6486 | Temple   | Became a worshipper of Warmaster Okawaru
  6678 | D:7      | Found a flagged portal.
  6691 | Bailey   | Entered a bailey
  6751 | Bailey   | Reached skill level 10 in Long Blades
  6952 | Bailey   | Reached * piety under Okawaru
  7027 | Bailey   | Reached skill level 1 in Invocations
  7123 | Bailey   | Noticed an orc warlord
  7150 | Bailey   | Reached XP level 10. HP: 43/88 MP: 6/9
  7322 | Bailey   | Identified the staff of conjuration "Yjoch" {rF+ rCorr
                  | Stlth+}
  7329 | Bailey   | Killed an orc warlord
  7329 | Bailey   | Reached ** piety under Okawaru
  7330 | Bailey   | Reached skill level 8 in Shields
  7525 | Bailey   | Acquired 573 gold pieces
  7529 | Bailey   | Acquired the +2 hood of the Assassin {Detect Stab+ Stlth++}
  7529 | Bailey   | Found the +2 hood of the Assassin {Detect Stab+ Stlth++}
  7665 | D:7      | Identified the +0 robe of Eluwk {Str+3 Int+3}
  8291 | D:8      | Found a basalt altar of Yredelemnul.
  8318 | D:8      | Found a shimmering blue altar of Sif Muna.
  8403 | D:8      | Noticed Pikel
  8428 | D:8      | Killed Pikel
  8429 | D:8      | Reached skill level 10 in Armour
  8523 | D:8      | Noticed Grum
  8547 | D:8      | Killed Grum
  8548 | D:8      | Reached *** piety under Okawaru
  8610 | D:8      | Noticed a centaur warrior
  8745 | D:8      | Killed a centaur warrior
  8746 | D:8      | Reached skill level 1 in Evocations
  8952 | D:8      | Noticed a two-headed ogre
  8972 | D:7      | Killed a two-headed ogre
  8972 | D:7      | Reached **** piety under Okawaru
  8973 | D:7      | Reached skill level 9 in Shields
  8973 | D:7      | Reached XP level 11. HP: 70/95 MP: 11/11
  9340 | D:8      | You are sucked into a shaft and drop 2 floors!
  9340 | D:10     | Entered Level 10 of the Dungeon
  9503 | D:9      | Found a shadowy altar of Dithmenos.
  9879 | D:9      | Noticed a deep elf zephyrmancer
  9879 | D:9      | Noticed a two-headed ogre
  9899 | D:9      | Killed a two-headed ogre
  9934 | D:9      | Killed a deep elf zephyrmancer
 10118 | D:9      | Noticed a deep elf pyromancer
 10140 | D:9      | Killed a deep elf pyromancer
 10141 | D:9      | Reached skill level 1 in Stealth
 10311 | D:9      | Found Gust's Lightly-Used Armoury.
 10323 | D:9      | Bought a -1 double sword for 120 gold pieces
 10869 | D:9      | Found an ancient bone altar of Kikubaaqudgha.
 11274 | D:10     | Noticed Maggie
 11278 | D:10     | Noticed a two-headed ogre
 11326 | D:10     | Killed a two-headed ogre
 11326 | D:10     | Reached ***** piety under Okawaru
 11326 | D:10     | Received a gift from Okawaru
 11330 | D:10     | Found a staircase to the Lair.
 11392 | D:10     | HP: 4/97 [something (17)]
 11766 | D:10     | Killed Maggie
 11767 | D:10     | Reached skill level 5 in Dodging
 11767 | D:10     | Reached skill level 10 in Shields
 11952 | D:10     | Noticed Snorg
 11970 | D:10     | Killed Snorg
 12342 | D:10     | Noticed a cyan ugly thing
 12342 | D:10     | Noticed a centaur warrior
 12342 | D:10     | Noticed an orc knight
 12342 | D:10     | Noticed a centaur warrior
 12363 | D:10     | Killed a centaur warrior
 12378 | D:10     | Killed a centaur warrior
 12389 | D:10     | Killed an orc knight
 12390 | D:10     | Reached skill level 10 in Fighting
 12390 | D:10     | Reached XP level 12. HP: 28/106 MP: 9/12
 12416 | D:10     | Noticed an ogre mage
 12432 | D:10     | Killed an ogre mage
 13185 | D:11     | Noticed a boulder beetle
 13249 | Lair:1   | Entered Level 1 of the Lair of Beasts
 13420 | Lair:1   | Received a gift from Okawaru
 13673 | Lair:1   | Reached skill level 11 in Shields
 14853 | Lair:2   | Reached skill level 12 in Shields
 14855 | Lair:2   | Reached skill level 15 in Long Blades
 15394 | Lair:2   | Noticed an eight-headed hydra
 15414 | Lair:2   | Killed an eight-headed hydra
 15624 | Lair:2   | Reached skill level 1 in Polearms
 15795 | Lair:2   | Reached XP level 13. HP: 111/116 MP: 13/13
 16015 | Lair:3   | Found a hole to the Spider Nest.
 16047 | Lair:2   | HP: 5/116 [demonic crawler (1)]
 16662 | Lair:3   | Reached skill level 13 in Shields
 16879 | Lair:3   | Found a transporter.
 16896 | Lair:3   | Found a transporter.
 17262 | Lair:3   | Found a staircase to the Shoals.
 18033 | D:12     | Received a gift from Okawaru
 18079 | D:12     | Identified the +10 falchion of Potus {flame, Fragile MP+9
                  | Int+4 SInv}
 18244 | D:12     | Found a frozen archway.
 18384 | IceCv    | Entered an ice cave
 18424 | IceCv    | Reached skill level 14 in Shields
 18757 | IceCv    | Acquired the amulet "Hetoc" {Regen+ Slay+2 Stlth+}
 18856 | IceCv    | Received a gift from Okawaru
 19577 | D:12     | Found a staircase to the Orcish Mines.
 20829 | Lair:4   | Found a dark tunnel.
 20849 | Volcano  | Entered a volcano
 20940 | Volcano  | Identified the +0 pair of boots of the Arcadian God {*Slow
                  | +Blink rElec Dex+4} (Okawaru gifted it to you in a volcano)
 20940 | Volcano  | Received a gift from Okawaru
 21013 | Volcano  | Noticed an orb of fire
 21067 | Volcano  | Noticed an orb of fire
 21078 | Volcano  | Reached XP level 14. HP: 122/127 MP: 14/14
 21096 | Volcano  | Reached skill level 15 in Shields
 21190 | Volcano  | Identified the +5 chain mail "Kafucvit" {Rampage rF+ Dex+3}
 21286 | Lair:4   | You are sucked into a shaft and drop 1 floor!
 21286 | Lair:5   | Entered Level 5 of the Lair of Beasts
 22072 | Lair:5   | Reached skill level 16 in Shields
 22079 | Lair:5   | Paralysed by a hornet for 2 turns
 22346 | Lair:5   | Reached ****** piety under Okawaru
 22768 | Lair:4   | Found a staircase to the Slime Pits.
 22768 | Lair:4   | Found a viscous altar of Jiyva.
 22829 | Lair:4   | Identified the +5 ring mail "Ygeop" {Harm rF+ Dex+4}
                  | (Okawaru gifted it to you on level 4 of the Lair of Beasts)
 22829 | Lair:4   | Received a gift from Okawaru
 23635 | Orc:1    | Entered Level 1 of the Orcish Mines
 23635 | Orc:1    | Found Qyittutsu's General Store.
 23665 | Orc:1    | Bought a scroll of acquirement for 728 gold pieces
 23665 | Orc:1    | Bought a scroll of blinking for 105 gold pieces
 23743 | Orc:2    | Entered Level 2 of the Orcish Mines
 23745 | Orc:2    | Found a gate leading to a gauntlet.
 23747 | Orc:2    | Noticed Rupert
 23754 | Gauntlet | Entered a Gauntlet
 23754 | Gauntlet | Found a transporter.
 23754 | Gauntlet | Found a transporter.
 23754 | Gauntlet | Found a transporter.
 23755 | Gauntlet | Found a transporter.
 23756 | Gauntlet | Found a transporter.
 23759 | Gauntlet | Found a transporter.
 23771 | Gauntlet | Found a transporter.
 23771 | Gauntlet | Found a transporter.
 23772 | Gauntlet | Found a transporter.
 23774 | Gauntlet | Found a transporter.
 23787 | Gauntlet | Found a transporter.
 23789 | Gauntlet | Found a transporter.
 24040 | Gauntlet | Identified the amulet "Jogiacs" {RegenMP rF+ Int+2}
 24112 | Gauntlet | Identified the ring of the Sparrow {Fly rPois rC+ Str-4}
 24131 | Gauntlet | Identified the +1 broad axe "Itaidioz" {venom, Will+}
 24160 | Gauntlet | Identified the -1 cloak of the Armoured One {rF+ rCorr
                  | Int+3}
 24367 | Orc:2    | Killed Rupert
 24462 | Orc:2    | Noticed an orc warlord
 24477 | Orc:2    | Found a staircase to the Elven Halls.
 24594 | Orc:1    | Killed an orc warlord
 24736 | Orc:2    | Reached XP level 15. HP: 126/136 MP: 16/16
 24743 | Orc:2    | Paralysed by an ogre mage for 3 turns
 24818 | Orc:2    | Reached skill level 17 in Shields
 24824 | Orc:2    | Paralysed by an ogre mage for 5 turns
 24909 | Orc:1    | Reached skill level 15 in Armour
 24950 | Orc:2    | Noticed Sonja
 24983 | Orc:1    | Killed Sonja
 25456 | Orc:2    | Found Revunyf's Magic Scroll Boutique.
 25456 | Orc:2    | Found Pelohai's Jewellery Shoppe.
 25456 | Orc:2    | Found Yreot's Distillery.
 25456 | Orc:2    | Found Herosecy's Magic Scroll Boutique.
 25469 | Orc:2    | Bought a potion of mutation for 136 gold pieces
 25469 | Orc:2    | Bought a potion of attraction for 51 gold pieces
 26019 | Orc:2    | Bought 3 scrolls of brand weapon for 427 gold pieces
 26019 | Orc:2    | Bought a scroll of noise for 15 gold pieces
 26084 | Orc:1    | Found Areeckuf's General Store.
 26189 | Orc:1    | Found Lurehuu's Jewellery Shop.
 26200 | Orc:1    | Found Hoxank's Self-Improvement Boutique.
 26352 | Orc:1    | Found Ohojaudghuy's Weapon Emporium.
 26391 | Orc:1    | Found a runed translucent gate.
 26391 | Orc:1    | Found a runed translucent gate.
 26391 | Orc:1    | Found an iron altar of Okawaru.
 26391 | Orc:1    | Found a runed translucent gate.
 26391 | Orc:1    | Noticed u553311's ghost (journeyman DsMo)
 26458 | Orc:1    | Killed u553311's ghost
 26474 | Orc:1    | Received a gift from Okawaru
 26945 | D:13     | Noticed Jorgrun
 26952 | D:13     | Killed Jorgrun
 27174 | D:13     | Reached skill level 18 in Shields
 27212 | D:13     | Found the +9 sword of Zonguldrok {reap}
 27212 | D:13     | Noticed a bone dragon
 27234 | D:13     | Killed a bone dragon
 27737 | D:14     | Noticed Urug
 27737 | D:14     | Found a gate to the Vaults.
 27757 | D:13     | Identified the +7 spear "Kohor" {vamp, *Slow rElec rPois
                  | Int+7} (Okawaru gifted it to you on level 13 of the
                  | Dungeon)
 27757 | D:13     | Received a gift from Okawaru
 27845 | D:13     | Reached XP level 16. HP: 92/147 MP: 17/17
 27984 | D:14     | Killed Urug
 28085 | D:14     | Found a burning altar of Makhleb.
 28295 | D:14     | Reached skill level 19 in Shields
 28380 | D:14     | Identified the +3 scimitar "Jynugracom" {pain, Dex+2}
                  | (Okawaru gifted it to you on level 14 of the Dungeon)
 28380 | D:14     | Received a gift from Okawaru
 28540 | D:14     | Reached skill level 15 in Fighting
 28758 | D:14     | Identified Roxanne's Secrets of Variation
 28758 | D:14     | Noticed Roxanne
 28797 | D:14     | Killed Roxanne
 28955 | D:14     | Found an iron altar of Okawaru.
 29068 | D:15     | Entered Level 15 of the Dungeon
 29173 | D:15     | Found a staircase to the Depths.
 30429 | D:6      | Bought the ring of Bimezaw {Wiz *Corrode rN++ Will+++
                  | Slay+2} for 1174 gold pieces
 30769 | Spider:1 | Entered Level 1 of the Spider Nest
 30771 | Spider:1 | Received a gift from Okawaru
 30781 | Spider:1 | Found a transporter.
 30782 | Spider:1 | Found a transporter.
 30871 | Spider:1 | Blown up by an orb spider

Illustrated notes

Levels and vault maps discovered:
D:1:      reono_arrival_forest_river, layout_basic, serial_co_window_serial,
          co_window_paths_b, co_window_paths_a, co_window_corner_a,
          co_window_paths_a, co_window_corner_a, co_window_corner_ca,
          co_window_2corner, co_window_cross_2, glass_columns_a,
          glass_columns_b, glass_columns_a, grunt_decor_mini_mirrors,
          chequers_serial_rivers_room_a, st_stairs_4, corner_web_ring
D:2:      layout_loops_ring, minmay_circle_x
D:3:      layout_loops_ring, mainiacjoe_overflow_brackets, roderic_roman_lattice
D:4:      layout_rooms, xom_redecorated, mainiacjoe_overflow_two_lobes,
          serial_aquarium, aquarium_bridge_long_separate
          [aquarium_subvault_window, aquarium_subvault_bridge,
          aquarium_subvault_bridge, aquarium_subvault_bridge,
          aquarium_subvault_bridge, aquarium_subvault_wall],
          aquarium_bridge_square [aquarium_subvault_bridge,
          aquarium_subvault_balcony, aquarium_subvault_wall,
          aquarium_subvault_window], aquarium_window_corner, aquarium_window_2,
          aquarium_window_2, aquarium_window_fake, aquarium_view_2d, uniq_ijyb
D:5:      layout_loops_ring, ashenzari_altar_1, serial_shops,
          nicolae_inconvenience_store, cheibrodos_sewer_entry_drain,
          kennysheep_generic_room_4
D:6:      layout_cave_pools, nemelex_spade_bored_becter,
          minmay_temple_entry_overgrown, serial_shops, shop,
          nicolae_shop_waterfront, minmay_shop_grid_forest, kennysheep_path_1,
          uniq_eustachio, uniq_edmund
D:7:      layout_gridville, enter_bailey_2, minmay_misc_feat_ornament
D:8:      minmay_evil_eye, layout_loops_ring, lemuel_coloured_pillars_altar,
          mainiacjoe_overflow_24_doors, kennysheep_island_fort, uniq_pikel,
          uniq_grum
D:9:      cheibrodos_helix_gallery, layout_loops_corners,
          kennysheep_vampire_church, grunt_dithmenos_smoke, minmay_shop_damaged,
          hangedman_minor_magic
D:10:     minmay_the_grid_triangle_9x9_rhombus_thin_mashed
          [minmay_the_grid_triangle_9x9_shrine,
          minmay_the_grid_triangle_9x9_prize_top_heavy,
          minmay_the_grid_triangle_9x9_negative_grid,
          minmay_the_grid_triangle_9x9_longest], layout_basic,
          david_lair_generic, nicolae_kite_square_tiling_tiny, uniq_snorg,
          uniq_maggie
D:11:     layout_small_grid, minmay_misc_feat_doors
D:12:     layout_roguey, kennysheep_orc_monster_closet_entryway,
          portal_ice_cave_demonic_guard
D:13:     layout_irregular_city, minmay_guarded_unrand_zonguldrok, uniq_jorgrun
D:14:     layout_roguey [special_room_orc], david_vaults_3,
          hellmonk_okawaru_the_only_friend_you_need, demons_altar, uniq_roxanne
D:15:     grunt_enter_depths_giant_problem, layout_loops_ring, st_stairs_10
Temple:   nicolae_temple_godzebo
Lair:1:   layout_cave_pods
Lair:2:   kb_forest_paths, layout_regular_city
Lair:3:   gammafunk_cloud_chamber, layout_small_grid,
          nicolae_shoals_entry_roost, nicolae_spider_entry_non_spiders
Lair:4:   layout_regular_city, slime_entry_1, enter_volcano_3,
          beast_lair_carwin_3
Lair:5:   minmay_lair_end_enchanted_forest, layout_loops_ring
Spider:1: gammafunk_boulding_lane, gammafunk_ghost_cemetery
Orc:1:    layout_caves, serial_shops, nicolae_shop_hallway_plus, shop, shop,
          shop, gammafunk_ghost_fury_of_okawaru, nicolae_shop_self_help
Orc:2:    st_orc_ogre_mass, layout_caves, gauntlet_entry_generic, uniq_sonja,
          uniq_rupert

Skill      XL: |  1  2  3  4  5  6  7  8  9 10 11 12 13 14 15 16 |
---------------+-------------------------------------------------+-----
Shields        | 4 5 6 7 9 10 12 14 16 18 19 | 19.9
Fighting       | 4 5 6 7 8 10 11 12 13 14 15 | 15.3
Armour         | 4 5 6 8 9 10 12 13 14 15 16 | 16.2
Long Blades    | 3 4 6 7 9 10 12 14 15 16 17 | 17.7
Dodging        | 1 2 3 4 5 6 7 8 9 |  9.3
Invocations    | 1 2 3 |  3.5
Evocations     | 1 |  1.2
Stealth        | 1 2 4 |  4.9
Polearms       | 1 |  1.0
Unarmed Combat | |  0.9

Action                     |  1- 3 |  4- 6 |  7- 9 | 10-12 | 13-15 | 16-18 || total
---------------------------+-------+-------+-------+-------+-------+-------++-------
  Melee: Long sword        |    51 |   155 |   369 |   895 |   224 |       ||  1694
         Headbutt          |    10 |    28 |    81 |   224 |   407 |    96 ||   846
         Unarmed           |       |       |     7 |       |       |       ||     7
         Spear             |       |       |       |    93 |    17 |       ||   110
         Falchion          |       |       |       |       |  1329 |   347 ||  1676
 Invoke: Heroism           |       |       |     2 |    18 |    22 |     5 ||    47
         Finesse           |       |       |       |       |     1 |       ||     1
  Evoke: Lightning rod     |       |       |       |     4 |       |       ||     4
         Wand              |       |       |       |       |     2 |       ||     2
    Use: Scroll            |       |     6 |     6 |    18 |    11 |     1 ||    42
         Potion            |       |     1 |     5 |    10 |     3 |     4 ||    23
   Stab: Sleeping          |       |       |       |       |    12 |     4 ||    16
         Invisible         |       |       |       |       |     1 |       ||     1
 Armour: Scale mail        |    26 |    31 |       |       |     3 |       ||    60
         Chain mail        |       |    65 |   254 |   703 |   439 |       ||  1461
         Skin              |       |       |     3 |       |       |       ||     3
         Storm dragon scal |       |       |       |       |   284 |   200 ||   484
  Dodge: Dodged            |    33 |    69 |   140 |   425 |   648 |   160 ||  1475
  Block: Buckler           |    15 |    37 |    98 |   190 |       |       ||   340
         Kite shield       |       |       |       |   259 |  1278 |   341 ||  1878
         Reflection        |       |       |       |       |    24 |    22 ||    46
